 Dungeon Crawl Stone Soup version 0.18-a0-19-g8b99b3a (console) character file.

112 nht the Chopper (level 4, -10/60 HPs)
             Began as a Minotaur Berserker on Nov 1, 2015.
             Was a Believer of Trog.
             Mangled by an orc warrior
             ... wielding a +0 long sword
              (12 damage)
             ... on level 3 of the Dungeon.
             The game lasted 00:03:12 (1750 turns).

nht the Chopper (Minotaur Berserker)                Turns: 1750, Time: 00:03:13

Health: -10/60     AC:  2    Str: 28    XL:     4   Next: 64%
Magic:  3/3        EV: 12    Int:  4    God:    Trog [**....]
Gold:   100        SH:  0    Dex:  9    Spells: 0 memorised, 3 levels left

rFire  . . .     SeeInvis .     a - +0 hand axe
rCold  . . .     Clarity  .     b - +0 animal skin
rNeg   . . .     SustAt   .     (no shield)
rPois  .         Gourm    .     (helmet restricted)
rElec  .         Spirit   .     (no cloak)
rCorr  .         Warding  .     (no gloves)
rMut   .         Stasis   .     (no boots)
MR     .....                    (no amulet)
Stlth  ..........               (no ring)
                                (no ring)

@: berserking, very quick, not resistant to hostile enchantments, extremely
unstealthy
A: retaliatory headbutt, horns 2
a: Berserk, Trog's Hand, Burn Spellbooks, Renounce Religion


You were on level 3 of the Dungeon.
You worshipped Trog.
Trog was pleased with you.
You were very hungry.

You visited 1 branch of the dungeon, and saw 3 of its levels.

You collected 100 gold pieces.

Inventory:

Hand Weapons
 a - a +0 hand axe (weapon)
Armour
 b - a +0 animal skin (worn)
Jewellery
 i - an uncursed amulet of rage {unknown}
 l - a +3 ring of evasion {unknown}
Scrolls
 d - a scroll of recharging {unknown}
 g - a scroll of identify {unknown}
 h - a scroll of amnesia {unknown}
 j - 2 scrolls of remove curse {unknown}
 k - a scroll of enchant armour {unknown}
 n - 2 scrolls of teleportation {unknown}
 p - a scroll of blinking {unknown}
Potions
 e - 2 potions of brilliance
Comestibles
 c - 2 bread rations
 f - 2 beef jerkies
 m - 4 fruits
 o - a meat ration


   Skills:
 - Level 4.1 Fighting
 + Level 5.9 Axes
 - Level 3.0 Armour
 - Level 2.4 Dodging


You had 3 spell levels left.
You didn't know any spells.

Dungeon Overview and Level Annotations

Branches:
Dungeon (3/15)

Altars:
Fedhas
Sif Muna


Innate Abilities, Weirdness & Mutations

You reflexively headbutt those who attack you in melee.
You have a pair of horns on your head.


Message History

There are monsters nearby!
You closely miss the orc. Your headbutt misses the orc.
The orc is moderately wounded.
You hit the orc warrior but do no damage.
You hit the rat.
You kill the rat!
Trog accepts your kill.
The orc warrior hits you with a long sword!
* * * LOW HITPOINT WARNING * * *
The orc hits you.
* * * LOW HITPOINT WARNING * * *
Drink which item? (? for menu, Esc to quit)
Okay, then.
A red film seems to cover your vision as you go berserk!
You feel yourself moving faster!
You feel mighty!
You are feeling very hungry.
The orc wizard hits you with a dagger.
* * * LOW HITPOINT WARNING * * *
The orc warrior hits you with a long sword!
You die...

... .. █.█.█ .≈≈ █ █.█ █.█.█ ≈≈≈
█.██%. █.█.█ ♣♣♣ ♣≈♣♣ █.█
█.....██.█.█ █.♣♣♣≈.♣ █.█
█......█.█.██ █.♣♣P≈P♣ █.█
.█...........█ █..♣♣≈≈♣
█.████..█.....o█.█..████..♣≈.≈♣█
██......
......o@................ █.....
......█o.█..████.....██. █..█
..... █..█....).........
...████...... █...........█████.
█........... ..................
█.)████...█ ██..█.█..███.█████.
█..████...█ █.......█ █.█ █†
..........████ █........ ... █.
.............. ...>... █..█ █.


You could see an orc warrior, an orc wizard and an orc.

Vanquished Creatures
  The ghost of George the Slasher, a weakling HESk (D:3)
  An adder (D:2)
  An ooze (D:1)
  A worm (D:2)
  4 giant geckos
  2 orcs (D:3)
  A ball python (D:3)
  6 bats
  5 goblins
  12 hobgoblins
  7 kobolds
  A quokka (D:2)
  3 giant newts
  7 rats
52 creatures vanquished.

Notes
Turn   | Place    | Note
--------------------------------------------------------------
     0 | D:1      | nht the Minotaur Berserker began the quest for the Orb.
     0 | D:1      | Reached XP level 1. HP: 19/19 MP: 0/0
    72 | D:1      | Reached XP level 2. HP: 5/27 MP: 1/1
   550 | D:1      | Reached skill level 4 in Fighting
   815 | D:2      | Reached ** piety under Trog
   833 | D:2      | Reached XP level 3. HP: 33/33 MP: 2/2
   986 | D:2      | Found a deep blue altar of Sif Muna.
  1035 | D:2      | Found a blossoming altar of Fedhas.
  1339 | D:3      | Noticed George's ghost (weakling HESk)
  1472 | D:3      | Killed George's ghost
  1472 | D:3      | Reached skill level 5 in Axes
  1472 | D:3      | Reached XP level 4. HP: 40/40 MP: 3/3
  1495 | D:3      | get rekt
  1744 | D:3      | Noticed an orc warrior
  1750 | D:3      | HP: 2/60 [orc wizard/dagger (4)]
  1750 | D:3      | Mangled by an orc warrior

Vault maps used:
D:1:      minmay_arrival_jagged, serial_glass, glass_columns_b, glass_columns_a,
          serial_bayou_lake_a
D:2:      led_sif_pool, fedhas_altar_3
D:3:      gammafunk_temple_overflow_wave, ecumenical_altar_2,
          serial_bayou_crossing

Action                   |  1- 3 |  4- 6 || total
-------------------------+-------+-------++-------
Melee: Hand axe          |    91 |    19 ||   110
Invok: Berserk           |     1 |     1 ||     2
  Use: Potion            |     4 |       ||     4
  Eat: Chunk             |     2 |     1 ||     3
